Build Orders - Match 32801370 - cohdb - Company of Heroes 3 Replays
cohdb
Replays
Latest Replays
All Replays
Popular Replays
Top Player Replays
Match Explorer
How It Works
Community
CoH3 Stats
Reddit
Sign in to upload your games and track your stats! →
Sign in with Steam
Match 32801370
Unlisted
Match 32801370
Overview
Messages
Build Orders
End
Vickers Machine Gun Team
Construct Section Command Post
Selects Air and Sea Battlegroup
Infantry Section
Infantry Section
Infantry Section
Infantry Section
Selects Supply Surplus
Construct Field Infirmary
Construct Platoon Command Post
Unlock M3 Stuart Light Tanks
Selects Centaur Medium Tank
M3 Stuart Light Tank
Vickers Machine Gun Team
Centaur Medium Tank
AI Takeover
1534345070
Hooked
사람이왜살지
Phan
Baloney
kamacura
0
0
Comments
sign in to comment!
No comments posted yet!